 Dungeon Crawl Stone Soup version 0.25-a0-294-gea9b1ad378 (webtiles) character file.

Game seed: 10266906612394693067, levelgen mode: deterministic

13580 roguesci the Transmogrifier (level 12, -8/115 HPs)
             Began as a Naga Transmuter on Dec 17, 2019.
             Was a High Priest of Cheibriados.
             Mangled by an ettin
             ... wielding a +0 dire flail
              (22 damage)
             ... on level 11 of the Dungeon.
             The game lasted 00:30:11 (17526 turns).

roguesci the Transmogrifier (Naga Transmuter)      Turns: 17526, Time: 00:30:11

Health: -8/115     AC:  2    Str: 27    XL:     12   Next: 7%
Magic:  30/30      EV: 31    Int: 28    God:    Cheibriados [*****.]
Gold:   792        SH:  0    Dex: 28    Spells: 12/23 levels left

rFire    . . .     SeeInvis +     - Unarmed
rCold    + . .     Gourm    .   (shield currently unavailable)
rNeg     . . .     Faith    .   (armour currently unavailable)
rPois    x         Spirit   .   (helmet currently unavailable)
rElec    .         Reflect  .   (cloak currently unavailable)
rCorr    .         Harm     .   (gloves currently unavailable)
MR       +....                  (no barding)
Stlth    ++........             (no amulet)
HPRegen  0.29/turn              l - ring of protection from cold
MPRegen  0.22/turn              m - ring of magical power

@: spider-form, very slow
A: tiny, see invisible, clever 1, mutation resistance 1, slow metabolism 1, spit
poison 1, AC +4
a: Spit Poison, End Transformation, Bend Time, Temporal Distortion, Slouch, Step
From Time, Renounce Religion


You were on level 11 of the Dungeon.
You worshipped Cheibriados.
Cheibriados was extremely pleased with you.
You were not hungry.
You were a venomous arachnid creature.
You visited 2 branches of the dungeon, and saw 12 of its levels.
You also visited: Sewer and Ossuary.

You collected 904 gold pieces.
You spent 112 gold pieces at shops.

Inventory:

Hand Weapons
 H - the +5 whip of Lownu Sil (melded) {venom, Dex+4}
   (You found it on level 7 of the Dungeon)

   It poisons the flesh of those it strikes.
   It affects your dexterity (+4).
Missiles
 c - 187 stones (quivered)
Armour
 h - a +3 buckler
 q - a +2 pair of gloves (melded)
 K - a +0 troll leather armour (melded)
Jewellery
 l - a ring of protection from cold (left front leg)
 m - a ring of magical power (right front leg)
Wands
 w - a wand of enslavement (7)
 y - a wand of digging (12)
 G - a wand of acid (11)
 I - a wand of disintegration (14)
Scrolls
 a - a scroll of acquirement {unknown}
 b - 2 scrolls of blinking
 e - 4 scrolls of identify
 n - 2 scrolls of immolation
 o - 2 scrolls of enchant weapon
 r - a scroll of enchant armour
 s - 4 scrolls of remove curse
 E - 2 scrolls of fear {unknown}
Potions
 f - a potion of curing
 g - 5 potions of flight
 j - a potion of agility
 k - 2 potions of brilliance
 p - a potion of berserk rage
 u - 3 potions of degeneration {unknown}
 z - a potion of cancellation {unknown}
 A - a potion of resistance
 B - 2 potions of magic
 C - 3 potions of might {unknown}
 D - a potion of lignification {unknown}
Comestibles
 d - 18 rations


   Skills:
 * Level 9.4 Fighting
 - Level 1.0 Armour
 * Level 8.1 Dodging
 + Level 7.1 Unarmed Combat
 + Level 6.3 Spellcasting
 * Level 2.9 Necromancy
 * Level 9.5 Transmutations
 - Level 4.0 Poison Magic


You had 12 spell levels left.
You knew the following spells:

 Your Spells              Type           Power        Failure   Level  Hunger
a - Regeneration          Chrm/Necr      ###.......   24%         3    None
b - Spider Form           Tmut/Pois      #####.....   5%          3    None
c - Blade Hands           Tmut           ######....   11%         5    #####..

Your spell library contained the following spells:

 Spells                   Type           Power        Failure   Level  Hunger
 Beastly Appendage        Tmut           ######       1%          1    None
 Sticks to Snakes         Tmut           ######..     2%          2    None
 Animate Skeleton         Necr           N/A          8%          1    None
 Pain                     Necr           ####         8%          1    None
 Vampiric Draining        Necr           ####......   16%         3    None
 Ice Form                 Ice/Tmut       #####...     22%         4    ###....
 Animate Dead             Necr           N/A          38%         4    ###....


Dungeon Overview and Level Annotations

Branches:
Dungeon (11/15)            Temple (1/1) D:6            Lair (0/6) D:11
    Orc (0/2) D:11          Sewer (visited)         Ossuary (visited)

Altars:
Ashenzari
Cheibriados
Dithmenos
Elyvilon
Fedhas
Gozag
Hepliaklqana
Kikubaaqudgha
Makhleb
Nemelex Xobeh
Okawaru
Qazlal
Ru
Sif Muna
Trog
Uskayaw
Vehumet
Wu Jian
Xom
Yredelemnul
Zin
The Shining One

Shops:
D:4 !


Innate Abilities, Weirdness & Mutations

You cannot wear boots.
((Your serpentine skin is tough. (AC +4)))
You have supernaturally acute eyesight. (SInv)
((Armour fits poorly on your strangely shaped body.))
((Your system is resistant to poisons. (rPois)))
((You cover ground very slowly.))
You have a slow metabolism.
You can spit poison.
((You have a pair of small horns on your head.))
Your mind is acute. (Int +2)
You are somewhat resistant to further mutation.


Message History

The ettin is moderately wounded.
The ettin completely misses you. x2
You hit the ettin but do no damage.
The ettin is heavily wounded.
You hit the ettin.
The ettin is heavily wounded.
The ettin misses you. The ettin completely misses you.
You hit the ettin.
The ettin is heavily wounded.
The ettin completely misses you. The ettin closely misses you.
You hit the ettin but do no damage.
The ettin looks as sick as possible!
The ettin is heavily wounded.
The ettin misses you. The ettin barely misses you.
You hit the ettin.
The ettin looks as sick as possible!
The ettin is severely wounded.
The ettin completely misses you. x2
You hit the ettin but do no damage.
The ettin is severely wounded.
The ettin hits you with a +0 dire flail!!
You die...

**,**,* #.# *,,*,*
######.# **,*,*
####....#.# ***+*+***
###.......).# ,,,,,,,,*
#.........#.#
,,,,,,,,*####'########.#
,,,,,,,,*#.#..)###...#.#
,,,,,,,,##.†..##.....#)#
,,,,,,,,#..#.##.sC...#.#
,,,,,,,,#..###.####+##.#
*****,,##..##..#***,**.#
*****,,#...##..#*,*,**,*
,,,,,,,#...#...#*,*,**,**
******,#...'...#*,,,**,,*
* *,#...#...#*******,* *
*,######### *,* * *,,,,,*
**********,**


You could see an ettin.

Vanquished Creatures
  Harold (D:9)
  Erica (D:9)
  4 two-headed ogres
  Pikel (D:4)
  3 ugly things
  A deep elf mage (D:11)
  An elephant (D:11)
  2 trolls
  A meliai (D:11)
  Prince Ribbit (D:9)
  A hippogriff (D:9)
  A human (D:7)
  Sigmund (D:4)
  4 hogs (D:7)
  A yak (D:11)
  A basilisk (D:11)
  2 orc warriors
  A black bear (D:10)
  A sky beast (D:8)
  3 ice beasts
  2 phantoms
  4 slaves (D:4)
  7 ogres
  7 centaurs
  A crocodile (D:11)
  A gnoll sergeant (D:8)
  3 big kobolds
  10 bullfrogs
  2 scorpions
  7 killer bees
  A howler monkey (D:9)
  4 crimson imps
  2 bullfrog zombies (D:7)
  2 centaur zombies
  3 jellies
  A quasit (D:5)
  4 hounds
  6 orc priests
  2 bullfrog skeletons (D:11)
  4 iguanas
  A centaur skeleton (D:9)
  9 orc wizards
  7 worker ants
  A big kobold zombie (Ossuary)
  A hound zombie (D:6)
  2 worker ant zombies (D:5)
  8 mummies (Ossuary)
  A howler monkey skeleton (D:4)
  13 adders
  4 gnolls
  2 river rats (Sewer)
  A shadow imp (D:9)
  2 oozes
  2 adder skeletons (D:9)
  An adder zombie (D:5)
  4 worms
  7 leopard geckos
  40 orcs
  10 bats
  9 giant cockroaches
  3 gnoll zombies (Ossuary)
  4 goblins
  9 hobgoblins
  15 jackals
  A quokka (D:9)
  5 ball pythons
  2 frilled lizards
  3 hobgoblin zombies (Ossuary)
  33 kobolds
  An orc zombie (Ossuary)
  32 rats
338 creatures vanquished.

Notes
Turn   | Place    | Note
-------+----------+-------------------------------------------
     0 | D:1      | roguesci the Naga Transmuter began the quest for the Orb.
     0 | D:1      | Reached XP level 1. HP: 18/18 MP: 3/3
   576 | D:1      | Reached XP level 2. HP: 22/25 MP: 3/5
  1169 | D:1      | Reached XP level 3. HP: 27/31 MP: 6/6
  1533 | D:2      | Learned a level 3 spell: Spider Form
  2477 | D:2      | Reached XP level 4. HP: 34/38 MP: 5/7
  2554 | D:2      | Found a white marble altar of Elyvilon.
  2655 | D:2      | Reached skill level 1 in Armour
  2657 | D:2      | Reached skill level 1 in Poison Magic
  3486 | D:3      | Reached XP level 5. HP: 38/45 MP: 1/8
  3641 | D:3      | Found a glowing drain.
  3655 | Sewer    | Entered a sewer
  4278 | Sewer    | Reached XP level 6. HP: 45/55 MP: 6/9
  5369 | D:4      | Found an opulent altar of Gozag.
  5369 | D:4      | Found a glowing silver altar of Zin.
  5477 | D:4      | Found a glowing golden altar of the Shining One.
  5498 | D:4      | Noticed Sigmund
  5506 | D:4      | Killed Sigmund
  5506 | D:4      | Reached XP level 7. HP: 60/62 MP: 6/11
  6436 | D:4      | Reached XP level 8. HP: 29/72 MP: 8/12
  6537 | D:4      | Noticed Pikel
  6555 | D:4      | Killed Pikel
  6555 | D:4      | Reached skill level 5 in Transmutations
  7106 | D:4      | Found Nadwo's Distillery.
  7110 | D:4      | Bought a potion of mutation for 112 gold pieces
  7468 | D:4      | Gained mutation: You are robust. (+10% HP) [potion of
                  | mutation]
  7468 | D:4      | Gained mutation: You occasionally shout uncontrollably at
                  | your foes. [potion of mutation]
  7468 | D:4      | Gained mutation: You sometimes yell uncontrollably at your
                  | foes. [potion of mutation]
  7468 | D:4      | Gained mutation: You are covered in fur. (AC +1) [potion of
                  | mutation]
  7482 | D:5      | Entered Level 5 of the Dungeon
  7806 | D:5      | Reached skill level 5 in Fighting
  8119 | D:5      | Reached XP level 9. HP: 80/89 MP: 10/14
  8620 | D:5      | Reached skill level 5 in Dodging
  9380 | D:6      | Found a staircase to the Ecumenical Temple.
  9388 | Temple   | Entered the Ecumenical Temple
  9447 | Temple   | Became a worshipper of Cheibriados the Contemplative
  9720 | D:6      | Reached skill level 5 in Unarmed Combat
 10179 | D:6      | Found a shimmering altar of Xom.
 10827 | D:6      | Reached * piety under Cheibriados
 11084 | D:7      | Found a sand-covered staircase.
 11098 | Ossuary  | Entered an ossuary
 11479 | Ossuary  | Lost mutation: You sometimes yell uncontrollably at your
                  | foes. [potion of mutation]
 11479 | Ossuary  | Lost mutation: You are covered in fur. (AC +1) [potion of
                  | mutation]
 11479 | Ossuary  | Lost mutation: You occasionally shout uncontrollably at
                  | your foes. [potion of mutation]
 11479 | Ossuary  | Gained mutation: You are resistant to hostile enchantments.
                  | (MR+) [potion of mutation]
 11479 | Ossuary  | Gained mutation: Your mind is acute. (Int +2) [potion of
                  | mutation]
 11479 | Ossuary  | Gained mutation: You are somewhat resistant to further
                  | mutation. [potion of mutation]
 11630 | D:7      | Identified the +4 halberd of Ru's Vengeance {flame, *Contam
                  | rElec rPois rC+}
 11657 | D:7      | Reached ** piety under Cheibriados
 11904 | D:7      | Noticed a purple ugly thing
 11916 | D:7      | Killed a purple ugly thing
 11916 | D:7      | Reached XP level 10. HP: 90/101 MP: 13/17
 12091 | D:7      | Got a crystal whip
 12128 | D:7      | Noticed a two-headed ogre
 12136 | D:7      | Killed a two-headed ogre
 12173 | D:7      | Reached skill level 5 in Spellcasting
 12672 | D:8      | Learned a level 3 spell: Regeneration
 12678 | D:8      | Learned a level 5 spell: Blade Hands
 12850 | D:8      | Reached *** piety under Cheibriados
 13409 | D:8      | Identified the +5 whip of Lownu Sil {venom, Dex+4} (You
                  | found it on level 7 of the Dungeon)
 13881 | D:9      | Noticed a two-headed ogre
 13893 | D:9      | Killed a two-headed ogre
 13943 | D:9      | Noticed a two-headed ogre
 13962 | D:9      | Noticed Harold
 13969 | D:9      | Killed a two-headed ogre
 13969 | D:9      | Reached XP level 11. HP: 83/113 MP: 17/19
 13975 | D:9      | Noticed a two-headed ogre
 13975 | D:9      | Noticed Prince Ribbit
 13989 | D:9      | Killed a two-headed ogre
 14012 | D:9      | Killed Prince Ribbit
 14209 | D:9      | Killed Harold
 14612 | D:9      | Reached **** piety under Cheibriados
 14789 | D:9      | Noticed Erica
 14808 | D:9      | Killed Erica
 15255 | D:10     | Entered Level 10 of the Dungeon
 16056 | D:10     | Lost mutation: You are robust. (+10% HP) [potion of
                  | mutation]
 16056 | D:10     | Lost mutation: You are resistant to hostile enchantments.
                  | (MR+) [potion of mutation]
 16056 | D:10     | Gained mutation: You have a pair of small horns on your
                  | head. [potion of mutation]
 16247 | D:10     | Reached skill level 1 in Necromancy
 16544 | D:11     | Found a staircase to the Lair.
 16546 | D:11     | Noticed a cyan ugly thing
 16560 | D:11     | Killed a cyan ugly thing
 16601 | D:11     | Reached ***** piety under Cheibriados
 16931 | D:11     | Found a bloodstained altar of Trog.
 17012 | D:11     | Noticed a deep elf mage
 17022 | D:11     | Killed a deep elf mage
 17126 | D:11     | Reached XP level 12. HP: 86/114 MP: 21/21
 17308 | D:11     | HP: 5/114 [red ugly thing (17)]
 17508 | D:11     | Noticed an ettin
 17526 | D:11     | Mangled by an ettin

Levels and vault maps discovered:
D:1:      zelgadis_glass_arrival_large, layout_basic, serial_forest,
          infiniplex_forest_corner_1, infiniplex_forest_corner_1,
          infiniplex_forest_lined_2, infiniplex_forest_clump_diagonal,
          infiniplex_forest_clump_small, infiniplex_forest_lined_corner,
          minmay_misc_feat_alley
D:2:      layout_basic, serial_forest, infiniplex_forest_lined_2,
          infiniplex_forest_end_2, infiniplex_forest_clump_long,
          infiniplex_forest_straight_2, first_ration, elyvilon_altar_1
D:3:      layout_loops_ring, cheibrodos_sewer_entry_drain
D:4:      layout_loops_corners, kennysheep_little_box,
          grunt_temple_overflow_gold_and_silver, serial_shops, shop,
          serial_forest, infiniplex_forest_lined_room_2,
          infiniplex_forest_lined_room_, infiniplex_forest_corner_2,
          infiniplex_forest_diagonal, infiniplex_forest_corner_2, uniq_sigmund,
          uniq_pikel
D:5:      layout_basic
D:6:      layout_basic, lemuel_coloured_pillars_altar,
          minmay_temple_entry_mini_moons
D:7:      layout_loops_ring, enter_bailey_2, nicolae_ossuary_entry_monument,
          grunt_livestock
D:8:      layout_basic
D:9:      layout_basic, uniq_erica, uniq_prince_ribbit1, uniq_harold
D:10:     layout_irregular_city
D:11:     minmay_sliced_demisemicircle, layout_basic, david_lair_generic,
          david_orc_4, basic_altar, serial_shops, kennysheep_mini
Temple:   compressed_dpeg_circular_temple

Skill      XL: |  1  2  3  4  5  6  7  8  9 10 11 |
---------------+----------------------------------+-----
Dodging        | 2 3 4 5 7 8 |  8.1
Armour         | 1 |  1.0
Poison Magic   | 1 2 3 4 |  4.0
Fighting       | 2 3 5 6 8 9 |  9.4
Transmutations | 3 4 5 7 8 9 |  9.5
Spellcasting   | 3 4 5 6 |  6.3
Unarmed Combat | 4 5 6 7 |  7.1
Necromancy     | 2 |  2.9

Action                   |  1- 3 |  4- 6 |  7- 9 | 10-12 || total
-------------------------+-------+-------+-------+-------++-------
Melee: Unarmed           |   136 |   261 |   482 |   340 ||  1219
       Headbutt          |     8 |       |       |    13 ||    21
       Punch             |     2 |       |     3 |     1 ||     6
       Whip              |       |       |       |    49 ||    49
Throw: Stone             |     6 |     2 |       |       ||     8
 Cast: Beastly Appendage |    15 |     5 |       |       ||    20
       Spider Form       |     1 |    27 |    45 |    29 ||   102
 Abil: Spit Poison       |     6 |     3 |     2 |     1 ||    12
       End Transformatio |       |       |       |     1 ||     1
  Use: Potion            |       |     3 |     4 |    18 ||    25
       Scroll            |       |       |     7 |    13 ||    20
 Stab: Invisible         |       |     1 |       |       ||     1
       Sleeping          |       |     1 |       |     3 ||     4
       Distracted        |       |       |       |     1 ||     1
  Eat: Chunk             |     4 |    12 |    18 |     6 ||    40
       Ration            |       |       |     1 |     1 ||     2
Armor: Robe              |    30 |    33 |    32 |     8 ||   103
       Skin              |     1 |     5 |    16 |    11 ||    33
       Troll leather arm |       |       |       |    11 ||    11
Dodge: Dodged            |    82 |   226 |   334 |   550 ||  1192

Table legend:
 A = Non-vault XP
 B = Vault XP
 C = Vault XP percentage of total XP
 D = Non-vault monster count
 E = Vault monster count
 F = Vault count percentage of total count
                 A         B        C        D         E       F
            +---------+---------+-------+---------+---------+-------
      Total |   12673 |    6727 |  34.7 |     247 |      87 |  26.0
            +---------+---------+-------+---------+---------+-------
        D:1 |      42 |       0 |   0.0 |      20 |       0 |   0.0
        D:2 |      63 |       0 |   0.0 |      20 |       0 |   0.0
        D:3 |     150 |       5 |   3.2 |      27 |       3 |  10.0
        D:4 |     705 |     846 |  54.5 |      24 |       2 |   7.7
        D:5 |    1024 |       0 |   0.0 |      25 |       0 |   0.0
        D:6 |     735 |       0 |   0.0 |      21 |       0 |   0.0
        D:7 |    2043 |    1003 |  32.9 |      26 |       5 |  16.1
        D:8 |     760 |       0 |   0.0 |      23 |       0 |   0.0
        D:9 |    4006 |    2160 |  35.0 |      20 |       3 |  13.0
       D:10 |    1348 |       0 |   0.0 |      25 |       0 |   0.0
       D:11 |    1797 |    2318 |  56.3 |      16 |      10 |  38.5
      Sewer |       0 |     224 | 100.0 |       0 |      48 | 100.0
    Ossuary |       0 |     171 | 100.0 |       0 |      16 | 100.0
            +---------+---------+-------+---------+---------+-------
